 Dungeon Crawl Stone Soup version 0.29-a0-892-g2c4c91d9db (webtiles) character file.

Game seed: 1615018414545075966

161 KennyOmg the Chopper (level 5, -2/48 HPs)
             Began as a Minotaur Berserker on July 23, 2022.
             Was a Follower of Trog.
             Shot with an arrow by a centaur (10 damage)
             ... on level 4 of the Dungeon.
             The game lasted 00:04:59 (3186 turns).

KennyOmg the Chopper (Minotaur Berserker)           Turns: 3186, Time: 00:05:00

Health: -2/48      AC:  5    Str: 24    XL:     5   Next: 18%
Magic:  4/4        EV: 11    Int:  4    God:    Trog [*.....]
Gold:   105        SH:  0    Dex:  9    Spells: 4/4 levels left

rFire   . . .      SeeInvis .   a - +0 hand axe
rCold   . . .      Faith    .   (no shield)
rNeg    . . .      Spirit   .   s - +0 leather armour
rPois   .          Reflect  .   (helmet restricted)
rElec   .          Harm     .   o - +0 cloak
rCorr   +          Rampage  .   (no gloves)
Will    ++...                   t - +0 pair of boots
Stlth   +.........              (no amulet)
HPRegen 1.16/turn               q - ring of resist corrosion
MPRegen 0.09/turn               (no ring)

@: strong-willed, regenerating
A: horns 2, retaliatory headbutt
a: Renounce Religion, Berserk


You were on level 4 of the Dungeon.
You worshipped Trog.
Trog was aware of your devotion.
You visited 1 branch of the dungeon, and saw 4 of its levels.

You collected 138 gold pieces.
You spent 33 gold pieces at shops.

Inventory:

Hand Weapons
 a - a +0 hand axe (weapon)
Missiles
 b - 7 poisoned darts
 d - 4 javelins (quivered)
 y - 6 silver javelins
Armour
 o - a +0 cloak (worn)
   (You found it on level 2 of the Dungeon)
 s - a +0 leather armour (worn)
   (You found it on level 2 of the Dungeon)
 t - a +0 pair of boots (worn)
   (You found it on level 3 of the Dungeon)
 w - a +0 ring mail of willpower
   (You took it off Ijyb on level 3 of the Dungeon)
Jewellery
 q - a ring of resist corrosion (left hand)
   (You found it on level 2 of the Dungeon)
Wands
 x - a wand of acid (4)
   (You took it off Ijyb on level 3 of the Dungeon)
Scrolls
 e - a scroll of noise {unknown}
 f - 2 scrolls of amnesia {unknown}
 g - 2 scrolls of teleportation {@r4}
 j - a scroll of magic mapping {unknown}
 m - 2 scrolls of identify {unknown}
 p - 2 scrolls of immolation {unknown}
 r - a scroll of butterflies {unknown}
 v - 3 scrolls of poison {unknown}
Potions
 c - 2 potions of lignification {unknown}
 h - a potion of cancellation {unknown}
 i - a potion of haste {unknown}
 k - a potion of attraction {unknown}
 l - a potion of brilliance {unknown}
 n - a potion of degeneration {unknown}
 u - a potion of might {unknown}
 z - a potion of resistance {unknown}


   Skills:
 + Level 5.0 Fighting
 * Level 6.2 Axes
 - Level 2.4 Armour
 - Level 2.1 Dodging


You had 4 spell levels left.
You didn't know any spells.
Your spell library was empty.

Dungeon Overview and Level Annotations

Branches:
Dungeon (4/15)
 Temple: D:4-7

Altars:

Shops:
D:1 ?   D:2 =


Innate Abilities, Weirdness & Mutations

You have a pair of horns on your head.
You reflexively headbutt those who attack you in melee.


Message History

You slash the quokka!
You kill the quokka!
Trog accepts your kill.
No target in view!
No target in view!
No target in view!
No target in view!
No target in view!
No target in view!
No target in view!
No target in view!
No target in view!
No target in view!
z - a metallic puce potion A centaur comes into view.
The centaur moves out of view.
The centaur shouts!
The centaur wields a +0 shortbow.
The centaur shoots an arrow.
The arrow hits you.
A centaur is nearby!
A centaur is nearby!
The centaur shoots an arrow.
The arrow closely misses you.
The centaur shoots an arrow.
The arrow hits you!
No target in view!
No target in view!
No target in view!
No target in view!
No target in view!
No target in view!
No target in view!
No target in view!
No target in view!
No target in view!
A centaur is nearby!
The centaur shoots an arrow.
The arrow hits you!
The centaur shoots an arrow.
The arrow barely misses you.
The centaur shoots an arrow.
The arrow hits you!
* * * LOW HITPOINT WARNING * * *
The centaur shoots an arrow.
The arrow barely misses you.
The centaur shoots an arrow.
The arrow hits you!
* * * LOW HITPOINT WARNING * * *
Your skin crawls.
You feel strong-willed.
You can no longer call upon Trog for regeneration and willpower.
The centaur shoots an arrow.
The arrow closely misses you.
Unknown command.
The centaur shoots an arrow.
The arrow hits you.
* * * LOW HITPOINT WARNING * * *
The centaur shoots an arrow.
The arrow hits you!
You die...

#############
............###############
..(§....§....§.§@..§§§....#
.§§≈≈≈≈§≈≈≈≈≈§§§§≈§.§§§≈≈.#
.§≈###§§≈###≈.§###≈.§###§.#
..§# #§.≈# #≈§≈# #≈.≈#
.§≈###§§≈###≈.≈###≈.≈#
..≈§≈≈§§≈≈≈≈≈.≈≈≈§≈.≈≈≈
.....§§..§§.........c...
..≈≈≈≈≈.≈§≈≈≈.≈≈≈≈≈.≈≈≈≈
#.≈###≈.≈###≈.§###§.≈###


You could see a centaur.

Vanquished Creatures
  An iguana (D:4)
  Ijyb (D:3)
  5 adders
  2 worms (D:3)
  A dart slug (D:3)
  An orc (D:4)
  6 endoplasms
  3 giant cockroaches
  7 goblins
  5 hobgoblins
  4 quokkas
  9 ball pythons
  2 bats
  2 frilled lizards (D:2)
  6 kobolds
55 creatures vanquished.

Notes
Turn   | Place    | Note
-------+----------+-------------------------------------------
     0 | D:1      | KennyOmg the Minotaur Berserker began the quest for the
                  | Orb.
     0 | D:1      | Reached XP level 1. HP: 19/19 MP: 0/0
   273 | D:1      | Reached skill level 4 in Axes
   446 | D:1      | Reached XP level 2. HP: 25/27 MP: 1/1
   516 | D:1      | Found a faded altar of an unknown god.
   568 | D:1      | Found Muziq's Magic Scroll Shop.
   574 | D:1      | Bought a scroll of teleportation for 33 gold pieces
  1253 | D:2      | Reached XP level 3. HP: 13/33 MP: 2/2
  1499 | D:2      | Found Ugofoed's Jewellery Shoppe.
  1504 | D:2      | Reached skill level 5 in Axes
  1624 | D:2      | Reached XP level 4. HP: 38/41 MP: 3/3
  2331 | D:3      | Reached ** piety under Trog
  2605 | D:3      | Noticed Ijyb
  2618 | D:3      | Killed Ijyb
  2903 | D:4      | Reached skill level 6 in Axes
  2920 | D:4      | Reached skill level 5 in Fighting
  2920 | D:4      | Reached XP level 5. HP: 25/48 MP: 4/4
  3177 | D:4      | Noticed a centaur
  3186 | D:4      | Shot with an arrow by a centaur

Illustrated notes

Levels and vault maps discovered:
D:1:      sevenhm_arrival_forest_fort_large_3, layout_basic, serial_shops, shop,
          basic_ecumenical_altar
D:2:      layout_rooms, serial_shops, nicolae_diamond_shop
D:3:      layout_rooms, st_stairs_9, amcnicky_mini_corridor_feature, uniq_ijyb
D:4:      layout_loops_ring, mainiacjoe_overflow_swirl,
          minmay_tree_intersection, kennysheep_boxes

Skill      XL: |  1  2  3  4 |
---------------+-------------+-----
Axes           | 4 5 6 |  6.2
Fighting       | 4 5 |  5.0
Armour         | |  2.4
Dodging        | |  2.1

Action                   |  1- 3 |  4- 6 || total
-------------------------+-------+-------++-------
Melee: Hand axe          |    72 |    52 ||   124
       Headbutt          |     9 |     9 ||    18
       Punch             |     1 |     1 ||     2
Invok: Berserk           |       |     2 ||     2
       Trog's Hand       |       |     1 ||     1
Armor: Animal skin       |    13 |       ||    13
       Leather armour    |       |    16 ||    16
Dodge: Dodged            |    50 |    30 ||    80

Table legend: (Time is in decaauts)
 A = Elapsed time spent in this place.
 B = Non-inter-level travel time spent in this place.
 C = Inter-level travel time spent in this place.
 D = Time resting spent in this place.
 E = Time spent auto-exploring this place.
 F = Levels seen in this place.
 G = Mean time per level.
                   A        B        C        D        E       F      G
               +--------+--------+--------+--------+--------+-----+--------+
         Total |   3217 |   3192 |     25 |    676 |   2108 |   4 |  804.2 |
       Dungeon |   3217 |   3192 |     25 |    676 |   2108 |   4 |  804.2 |
               +--------+--------+--------+--------+--------+-----+--------+

Top non-repeatable levels by time:
     D:1: 1158 daAuts
     D:3: 1037 daAuts
     D:2: 718 daAuts
     D:4: 303 daAuts
